 Dungeon Crawl Stone Soup version 0.32-a0-135-g14f8b2e1af (webtiles) character file.

Game seed: 8638103284655342890

6969 Kenran the Skirmisher (level 10, -14/51 HPs)
             Began as a Spriggan Hunter on Feb 10, 2024.
             Was a Priest of Okawaru.
             Killed from afar by an efreet (35 damage)
             ... with a bolt of fire
             ... on level 9 of the Dungeon.
             The game lasted 00:15:42 (8221 turns).

Kenran the Skirmisher (Spriggan Hunter)             Turns: 8221, Time: 00:15:43

Health: -14/51     AC:  2    Str:  7    XL:     10   Next: 81%
Magic:  11/11      EV: 21    Int: 10    God:    Okawaru [***...]
Gold:   485        SH:  0    Dex: 24    Spells: 9/9 levels left

rFire   . . .        a - +0 orcbow (flame)
rCold   . . .        (shield currently unavailable)
rNeg    . . .        c - +0 robe
rPois   +            (helmet restricted)
rElec   .            (no cloak)
rCorr   +            (gloves unavailable)
SInv    +            (boots unavailable)
Will    +....        w - amulet of faith {!P}
Stlth   ++++         k - ring of resist corrosion
HPRegen 0.28/turn    v - ring of poison resistance
MPRegen 0.12/turn

%: faith
@: very quick
A: very small, no large weapons, unfitting armour, see invisible, speed 3
a: Renounce Religion, Heroism


You were on level 9 of the Dungeon.
You worshipped Okawaru.
Okawaru was most pleased with you.
You visited 2 branches of the dungeon, and saw 10 of its levels.
You also visited: Ossuary.

You collected 485 gold pieces.

Inventory:

Hand Weapons
 a - a +0 orcbow of flaming (weapon)
Armour
 c - a +0 robe (worn)
Jewellery
 d - an amulet of the acrobat
 k - a ring of resist corrosion (left hand)
 v - a ring of poison resistance (right hand)
 w - an amulet of faith (around neck) {!P}
Wands
 b - a wand of flame (14)
 f - a wand of iceblast (8)
 t - a wand of charming (9)
 z - a wand of polymorph (11)
 B - a wand of light (14)
Scrolls
 h - 5 scrolls of teleportation
 j - 3 scrolls of fear
 m - a scroll of silence
 p - 3 scrolls of enchant armour
 r - a scroll of blinking
 y - a scroll of brand weapon
 C - a scroll of fog
Potions
 e - 2 potions of heal wounds {@q2}
 g - a potion of attraction {!q}
 i - 2 potions of mutation {unknown}
 l - 3 potions of resistance {unknown}
 n - 3 potions of might {unknown}
 o - 2 potions of lignification {unknown}
 q - 3 potions of degeneration {unknown}
 s - a potion of invisibility {unknown}
 u - 2 potions of curing {unknown}
 x - a potion of haste {unknown}


   Skills:
 - Level 5.0 Fighting
 + Level 14.6 Ranged Weapons
 - Level 5.0 Dodging
 - Level 6.0 Stealth
 - Level 5.0 Evocations


You had 9 spell levels left.
You didn't know any spells.
Your spell library contained the following spells:

 Spells                   Type           Power      Damage    Failure   Level
 Necrotise                Necr           0%         1d4       36%         1
 Sting                    Conj/Alch      0%         1d3       36%         1
 Mercury Vapours          Alch/Air       0%         N/A       50%         2
 Sublimation of Blood     Necr           0%         N/A       50%         2
 Fugue of the Fallen      Necr           0%         N/A       75%         3
 Ozocubu's Armour         Ice            0%         N/A       75%         3
 Vampiric Draining        Necr           0%         2d6       75%         3
 Manifold Assault         Tloc           0%         N/A       98%         4
 Olgreb's Toxic Radiance  Alch           0%         N/A       98%         4
 Curse of Agony           Necr           0%         N/A       100%        5
 Call Imp                 Summ           Unusable   N/A       N/A         2
 Martyr's Knell           Necr/Summ      Unusable   N/A       N/A         4
 Summon Hydra             Summ           Unusable   N/A       N/A         7

Dungeon Overview and Level Annotations

Branches:
Dungeon (9/15)             Temple (1/1) D:4            Lair (0/5) D:8
Ossuary (visited)
    Orc: D:9-12

Altars:
Cheibriados
Dithmenos
Elyvilon
Fedhas
Gozag
Hepliaklqana
Kikubaaqudgha
Makhleb
Nemelex Xobeh
Okawaru
Qazlal
Ru
Sif Muna
Trog
Uskayaw
Vehumet
Wu Jian
Xom
Yredelemnul
Zin
The Shining One

Shops:
D:2 (

Annotations:
D:4 2 transporters, Luihuable's ghost, amateur OpCj
D:8 3 runed translucent doors, mn3067's ghost, novice DECj


Innate Abilities, Weirdness & Mutations

You are very small and have problems with some larger weapons.
You are too small for most types of armour.
You have supernaturally acute eyesight. (SInv)
You cover ground extremely quickly. (Speed+++)


Message History

The efreet is heavily wounded.
You hear a bellow!
You shoot an arrow.
The arrow hits the efreet but does no damage.
The efreet is moderately wounded.
The efreet gestures at you. The bolt of fire hits you!
You are too injured to fight recklessly!
You open the door.
There is an open door here.
There is a stone staircase leading up here.
You start resting.
An efreet is nearby!
Fire: a) +0 orcbow (flame)
Press: ? - help, Q - select action, (/) - cycle Shift-Dir - straight line, f/p - efreet
Aim: an efreet, wielding a +3 scimitar of flaming (moderately wounded, 83% to hit)
You shoot an arrow. The arrow hits the efreet!
The efreet is heavily wounded.
The efreet gestures at you.
The fireball explodes!
The fireball engulfs you!!
* * * LOW HITPOINT WARNING * * *
You hear a horrible gurgling sound!
You climb upwards.
Level annotation: 3 runed translucent doors, mn3067's ghost, novice DECj
There is a stone staircase leading down here.
You start resting.
HP restored.
You climb downwards.
There is a stone staircase leading up here.
You climb upwards.
Level annotation: 3 runed translucent doors, mn3067's ghost, novice DECj
There is a stone staircase leading down here.
You climb downwards.
The efreet gestures at you. The bolt of fire hits you!!
Ouch! That really hurt!
The efreet gestures at you. The bolt of fire hits you!!
Ouch! That really hurt!
You die...

....#........†.......#
.#. #####....>######.#
#....## #)# #.#.## #.#
...#R# #.# #####.# #.#
#### ##'## #.###...
##...## #.......
##.@...## ##)##...
##.......## ##.###.#
#.........####..)...#
+.........'«....).###
#.........####..)##
##.......## #..#####
##.....######.......
##........##)######
##.#####.##.#


You could see an efreet.

Vanquished Creatures
  Pikel (D:4)
  A rime drake (D:8)
  Grinder (D:4)
  A wyvern (D:6)
  13 yaks
  A steam dragon (D:8)
  2 water moccasins
  12 ice beasts
  2 orc warriors (D:8)
  2 ogres
  2 wolves (D:8)
  2 centaurs
  A phantom (D:5)
  A lemure (D:4)
  A weeping skull (Ossuary)
  A kobold brigand (D:9)
  A gnoll sergeant (D:5)
  2 bullfrogs
  A scorpion (D:6)
  8 wights
  A burial acolyte (Ossuary)
  A howler monkey (D:8)
  3 bombardier beetles
  A centaur zombie (Ossuary)
  A human zombie (Ossuary)
  2 jellies
  A gnoll bouda (D:5)
  3 hounds
  2 orc priests
  5 iguanas
  4 orc wizards
  4 hound zombies (Ossuary)
  2 mummies (Ossuary)
  8 adders
  3 gnolls
  A white imp (D:5)
  4 ufetubi
  2 dart slugs
  5 ribbon worms
  17 orcs
  7 ball pythons
  3 endoplasms
  2 giant cockroaches
  4 gnoll zombies (Ossuary)
  A goblin (D:1)
  5 hobgoblins
  9 jackals (D:1)
  12 kobolds
  3 quokkas
  2 bats (D:1)
  2 frilled lizards (D:1)
  6 orc zombies (Ossuary)
  8 rats
190 creatures vanquished.

Vanquished Creatures (others)
  A burial acolyte (Ossuary)
1 creature vanquished.

Grand Total: 191 creatures vanquished

Notes
Turn   | Place    | Note
-------+----------+-------------------------------------------
     0 | D:1      | Kenran the Spriggan Hunter began the quest for the Orb.
     0 | D:1      | Reached XP level 1. HP: 10/10 MP: 2/2
    56 | D:1      | Reached XP level 2. HP: 10/14 MP: 3/3
   172 | D:1      | Found a faded altar of an unknown god.
   347 | D:1      | Reached skill level 5 in Ranged Weapons
   348 | D:1      | Reached XP level 3. HP: 18/18 MP: 4/4
   680 | D:2      | Reached XP level 4. HP: 22/22 MP: 5/5
   685 | D:2      | Found Byfir's Weapon Boutique.
  1314 | D:3      | Reached skill level 6 in Ranged Weapons
  1501 | D:3      | Reached XP level 5. HP: 20/25 MP: 6/6
  2244 | D:4      | Found a sand-covered staircase.
  2254 | Ossuary  | Entered an ossuary
  2314 | Ossuary  | Reached skill level 7 in Ranged Weapons
  2364 | Ossuary  | Reached XP level 6. HP: 23/30 MP: 7/7
  2708 | Ossuary  | Reached skill level 8 in Ranged Weapons
  2942 | D:4      | Found a stormy altar of Qazlal.
  2988 | D:4      | Found a transporter.
  2988 | D:4      | Noticed Luihuable's ghost (amateur OpCj)
  2998 | D:4      | Found a transporter.
  3027 | D:4      | Noticed Grinder
  3032 | D:4      | Paralysed by Grinder for 4 turns
  3043 | D:4      | Noticed an orc warrior
  3178 | D:4      | Paralysed by Grinder for 2 turns
  3181 | D:4      | Killed Grinder
  3182 | D:4      | Reached skill level 9 in Ranged Weapons
  3182 | D:4      | Reached XP level 7. HP: 32/33 MP: 8/8
  3401 | D:4      | Reached skill level 10 in Ranged Weapons
  3432 | D:4      | Noticed Pikel
  3486 | D:4      | Killed Pikel
  3487 | D:4      | Reached skill level 5 in Dodging
  3487 | D:4      | Reached skill level 5 in Stealth
  3487 | D:4      | Reached XP level 8. HP: 32/39 MP: 9/9
  3500 | D:4      | Found a staircase to the Ecumenical Temple.
  3513 | Temple   | Entered the Ecumenical Temple
  4041 | D:5      | Entered Level 5 of the Dungeon
  4208 | D:5      | Found a glowing golden altar of the Shining One.
  4687 | D:5      | Reached skill level 11 in Ranged Weapons
  5147 | D:5      | Reached XP level 9. HP: 25/42 MP: 10/10
  5496 | D:6      | Reached skill level 12 in Ranged Weapons
  5734 | D:5      | Reached skill level 5 in Evocations
  5940 | D:6      | Found an iron altar of Okawaru.
  5940 | D:6      | Found a hide-covered altar of Uskayaw.
  5944 | D:6      | Became a worshipper of Warmaster Okawaru
  6379 | D:7      | Found a radiant altar of Vehumet.
  6407 | D:7      | Reached * piety under Okawaru
  6574 | D:7      | Reached XP level 10. HP: 49/49 MP: 11/11
  6890 | D:8      | Reached skill level 13 in Ranged Weapons
  6982 | D:8      | Found a staircase to the Lair.
  6991 | D:8      | Reached ** piety under Okawaru
  6992 | D:8      | Reached skill level 5 in Fighting
  7149 | D:8      | Identified the +7 chain mail "Aruoruik" {rF++}
  7329 | D:8      | Found a runed translucent gate.
  7329 | D:8      | Found a runed translucent gate.
  7329 | D:8      | Found a runed translucent gate.
  7342 | D:8      | Noticed mn3067's ghost (novice DECj)
  7413 | D:8      | Reached skill level 14 in Ranged Weapons
  7435 | D:8      | Reached *** piety under Okawaru
  8035 | D:9      | Found an ancient bone altar of Kikubaaqudgha.
  8057 | D:9      | Noticed a cyclops
  8221 | D:9      | Killed from afar by an efreet

Illustrated notes

Levels and vault maps discovered:
D:1:      minmay_arrival_shattered_statue, layout_basic,
          ebering_ecumenical_altar_webs
D:2:      layout_basic, serial_shops, nicolae_shop_bloodbath_and_beyond
D:3:      layout_loops_ring, kennysheep_nub
D:4:      layout_basic, grunt_qazlal_sundering,
          minmay_temple_entry_drinking_statues, gammafunk_ghost_arena,
          nicolae_ossuary_entry_ruins, uniq_grinder, uniq_pikel
D:5:      kennysheep_spiral_hall, layout_loops_ring,
          nicolae_overflow_crystal_walls
D:6:      layout_rooms, mainiacjoe_overflow_large_starburst
D:7:      layout_cave_pools, nicolae_vehumet_altar_sigil
D:8:      layout_loops_ring, hellmonk_lair_entry_icy,
          gammafunk_ghost_necromancy, dk_noncrumbling_2,
          nicolae_figureground_pulse
D:9:      minmay_the_grid_4x2 [minmay_the_grid_small_cups, minmay_the_grid_x,
          minmay_the_grid_diamond_grid, minmay_the_grid_mess,
          minmay_the_grid_minigrid_medium, minmay_the_grid_paths,
          minmay_the_grid_tree, minmay_the_grid_prize_trominoes],
          layout_loops_corners, amcnicky_altar_gilded, hangedman_feature_mirror
Temple:   regret_index_temple_sphere_string

Skill      XL: |  1  2  3  4  5  6  7  8  9 10 |
---------------+-------------------------------+-----
Ranged Weapons | 5 6 7 9 10 11 12 14 | 14.6
Fighting       | 2 4 5 |  5.0
Dodging        | 5 |  5.0
Stealth        | 5 6 |  6.0
Evocations     | 5 |  5.0

Action                     |  1- 3 |  4- 6 |  7- 9 | 10-12 || total
---------------------------+-------+-------+-------+-------++-------
   Fire: Shortbow          |   118 |   256 |    67 |       ||   441
         Orcbow            |       |       |   252 |   175 ||   427
    Use: Scroll            |       |     7 |     3 |     4 ||    14
         Potion            |       |       |     1 |       ||     1
 Armour: Robe              |    10 |    30 |    39 |    12 ||    91
  Dodge: Dodged            |    43 |    72 |    78 |    34 ||   227

Table legend: (Time is in decaauts)
 A = Elapsed time spent in this place.
 B = Non-inter-level travel time spent in this place.
 C = Inter-level travel time spent in this place.
 D = Time resting spent in this place.
 E = Time spent auto-exploring this place.
 F = Levels seen in this place.
 G = Mean time per level.
                   A        B        C        D        E       F      G
               +--------+--------+--------+--------+--------+-----+--------+
         Total |   5954 |   5822 |    132 |   1487 |   2695 |  11 |  541.3 |
       Dungeon |   5427 |   5295 |    132 |   1335 |   2544 |   9 |  603.0 |
        Temple |      1 |      1 |      0 |      0 |      0 |   1 |    1.0 |
       Ossuary |    525 |    525 |      0 |    152 |    151 |   1 |  525.0 |
               +--------+--------+--------+--------+--------+-----+--------+

Top non-repeatable levels by time:
     D:5: 1070 daAuts
     D:8: 1041 daAuts
     D:4: 841 daAuts
     D:3: 603 daAuts
     D:6: 577 daAuts
     D:2: 541 daAuts
 Ossuary: 525 daAuts
     D:1: 338 daAuts
     D:7: 324 daAuts
     D:9: 89 daAuts
  Temple: 1 daAuts
